Unix NetHack Version 5.0.0-0 post-release - last build May 22 2026 02:22:16 (99d1c3b6dc4b13757aaa5824b55bdea4e1e63757,branch:main).

Game began 2026-05-22 15:43:40, ended 2026-05-22 16:03:30.

Ackbladder, neutral female gnomish Wizard

        --------------
        |......<.....|
        |............+       #################
        |............|        #############[##
        |.............######### #-----------%-
        -----------.--##         |*.........*|
                   ####          |.....*.a@..|
                                 |...-----....####
                                 |...|.{.|...|
                                 |..*|{.{|*..|
                                 |...| {.|...|
                                 |...---.-...|
                                 |.....*.....|
                                 |*.........*|
                                 -------------

Ackbladder the Conjurer   St:10 Dx:12 Co:13 In:19 Wi:11 Ch:12  Neutral
Dlvl:8  $:373 HP:0(37) Pw:17(48) AC:9  Xp:5 T:4121  Burdened

Latest messages:
 You see here a rabid rat corpse.
 In what direction? 2
 The statue shatters.
 The statue shatters.
 You see here 36 rocks.
 In what direction? 4
 The statue shatters.
 You see here 58 rocks.
 In what direction? 7
 The statue shatters.
 You have a little trouble lifting p - a spellbook of sleep.
 What do you want to read? [i-kpyBDQRX or ?*] p
 This spellbook is difficult to comprehend.  Continue? [yn] (n) y
 You begin to memorize the runes.
 You add "sleep" to your repertoire, as 'f'.
 In what direction? 2
 The statue shatters.
 You see here 50 rocks.
 In what direction? 6
 The statue shatters.
 In what direction? 1
 The statue shatters.
 You see here 53 rocks.
 You have a little trouble lifting A - a bronze spellbook.
 In what direction? 8
 The statue shatters.
 You have a little trouble lifting C - a velvet spellbook.
 What do you want to read? [i-kpyA-DQRX or ?*] C
 You begin to memorize the runes.
 You add the "cure blindness" spell to your repertoire, as 'g'.
 What do you want to read? [i-kpyA-DQRX or ?*] ?
 This spellbook is difficult to comprehend.  Continue? [yn] (n) y
 You begin to memorize the runes.
 You add the "levitation" spell to your repertoire, as 'h'.
 You miss the giant beetle.
 The magic-absorbing blade scares the giant beetle!
 The giant beetle turns to flee.
 In what direction? 7
 The spell misses the giant beetle.
 The giant beetle bites!
 The magic-absorbing blade scares the giant beetle!
 The giant beetle turns to flee.
 You miss the giant beetle.
 The giant beetle bites!
 You miss the giant beetle.
 You miss the giant beetle.
 The giant beetle bites!
 You die...
 Do you want your possessions identified? [ynq] (y) y
 Do you want to see your attributes? [ynq] (y) q

Inventory:
 Coins    ('$')
  $ - 373 gold pieces
 Weapons  (')')
  u - 10 +0 darts
  w - the rustproof +0 Magicbane (weapon in right hand)
  U - a +0 orcish dagger
  a - a blessed +4 quarterstaff
 Armor    ('[')
  b - an uncursed +0 cloak of magic resistance (being worn)
 Comestibles  ('%')
  o - 3 uncursed slime molds
  t - 2 uncursed apples
  F - 2 uncursed food rations
  P - an uncursed fortune cookie
  W - 38 uncursed meatballs
  x - an uncursed lichen corpse
 Scrolls  ('?')
  R - a blessed scroll of create monster
  y - 2 cursed scrolls of destroy armor
  k - an uncursed scroll of enchant weapon
  X - an uncursed scroll of fire
  Q - an uncursed scroll of genocide
  j - 3 uncursed scrolls of identify
  i - 3 uncursed scrolls of remove curse
  B - 2 uncursed scrolls of scare monster
  D - an uncursed scroll of teleportation
 Spellbooks  ('+')
  C - an uncursed spellbook of cure blindness
  A - an uncursed spellbook of levitation
  p - an uncursed spellbook of sleep
 Potions  ('!')
  m - an uncursed potion of enlightenment
  L - an uncursed potion of extra healing
  h - 4 uncursed potions of healing
  f - 2 uncursed potions of speed
  l - a cursed potion of speed
  g - an uncursed potion of water
 Rings    ('=')
  e - an uncursed ring of cold resistance
  d - an uncursed ring of free action (on right hand)
 Wands    ('/')
  Z - a wand of make invisible (0:6)
  Y - a wand of nothing (0:15)
  c - a wand of striking (0:4)
 Tools    ('(')
  s - an empty uncursed sack
  v - a cursed sack containing 1 item
  H - an expensive camera (0:86)
  G - an uncursed lock pick
  n - a magic marker (0:20)
  V - a cursed oil lamp
  E - a cursed skeleton key
  r - a tinning kit (0:97)
 Gems/Stones  ('*')
  J - an uncursed jet stone
  z - an uncursed opal
  q - 2 uncursed worthless pieces of orange glass
  N - an uncursed worthless piece of red glass
  K - an uncursed worthless piece of yellow glass
  O - 2 uncursed worthless pieces of yellowish brown glass

Contents of the sack:
  a wand of secret door detection (0:14)

Ackbladder the Wizard's attributes:

Background:
 You were a Conjurer, a level 5 female gnomish Wizard.
 You were neutral, on a mission for Thoth
 who was opposed by Ptah (lawful) and Anhur (chaotic).
 You were right-handed.
 You were in the Dungeons of Doom, on level 8.
 You entered the dungeon 4121 turns ago.
 You had 309 experience points, 11 more were needed to attain level 6.

Basics:
 You had 0 out of 37 hit points.
 You had 17 out of 48 energy points (spell power).
 Your armor class was 9.
 Your wallet contained 373 zorkmids.
 Autopickup was off.

Final Characteristics:
 Your strength was 10 (limit:18/50).
 Your dexterity was 12 (peak:13, limit:18).
 Your constitution was 13 (limit:18).
 Your intelligence was 19 (limit:19).
 Your wisdom was 11 (limit:18).
 Your charisma was 12 (limit:18).

Final Status:
 You weren't hungry.
 You were burdened; movement was slightly slowed.
 You were wielding a dagger.
 You were unskilled in dagger.

Final Attributes:
 You were piously aligned.
 You were magic-protected.
 You had infravision.
 You were warded.
 You had free action.
 You are dead.

Miscellaneous:
 You didn't encounter any bones levels.
 Total elapsed playing time was 19 minutes and 50 seconds.

Major events:
 Turn
    1: Ackbladder the neutral female gnomish Wizard entered the dungeon
  454: entered the Gnomish Mines
 1056: attained the rank of Conjurer (level 3)
 2695: was bestowed with Magicbane by Thoth
 4121: killed by a giant beetle

Spells:
 Name                 Level Category     Fail Retention
 force bolt             1   attack         0%   71%-80%
 light                  1   divination     0%  76%-100%
 haste self             3   escape        79%  76%-100%
 magic mapping          5   divination   100%  76%-100%
 stone to flesh         3   healing       79%  76%-100%
 sleep                  3   enchantment    0%  91%-100%
 cure blindness         2   healing       47%  76%-100%
 levitation             4   escape       100%  76%-100%

Skills:
 Fighting Skills
   bare handed combat [Unskilled]
   riding             [Unskilled]
 Weapon Skills
   dagger             [Unskilled]
   knife              [Unskilled]
   axe                [Unskilled]
   short sword        [Unskilled]
   club               [Unskilled]
   mace               [Unskilled]
   quarterstaff       [Basic]
   polearms           [Unskilled]
   spear              [Unskilled]
   trident            [Unskilled]
   sling              [Unskilled]
   dart               [Unskilled]
   shuriken           [Unskilled]
 Spellcasting Skills
   attack spells      [Basic]
   healing spells     [Unskilled]
   divination spells  [Unskilled]
   enchantment spells [Basic]
   clerical spells    [Unskilled]
   escape spells      [Unskilled]
   matter spells      [Unskilled]

Voluntary challenges:
 Character rerolling was not enabled.
 You never genocided any monsters.
 You never polymorphed an object.
 You never changed form.
 You used no wishes.
Achievements:
 You entered the Gnomish Mines.
 You attained the rank of Conjurer.

 The Dungeons of Doom: levels 1 to 8
    Level 1:
    Level 2:
       Many altars, a sink.
       Stairs down to The Gnomish Mines.
    Level 3:
    Level 4:
       Some fountains.
    Level 5:
       Some fountains.
    Level 6:
    Level 7:
       Some fountains, a grave.
    Level 8: <- You were here.
       Many fountains.
       Final resting place for
          you, killed by a giant beetle.
 The Gnomish Mines:
    Level 3:


Vanquished creatures:
 an orc mummy
  a fire ant
 an orc shaman
  a red naga hatchling
 an elf zombie
  2 homunculi
  2 hill orcs
  2 rothes
  a rabid rat
  a giant bat
  a wererat
  a werejackal
  4 iguanas
 an acid blob
  6 coyotes
  2 hobbits
  a hobgoblin
  a cave spider
  a yellow mold
  3 green molds
  6 garter snakes
  a gnome zombie
  a gecko
  4 jackals
  a fox
  a goblin
  4 sewer rats
  3 grid bugs
  6 lichens
  a kobold zombie
  3 newts
65 creatures vanquished.

No species were genocided or became extinct.

Game over:
                       ----------
                      /          \
                     /    REST    \
                    /      IN      \
                   /     PEACE      \
                  /                  \
                  |    Ackbladder    |
                  |      373 Au      |
                  |   killed by a    |
                  |   giant beetle   |
                  |                  |
                  |                  |
                  |       2026       |
                 *|     *  *  *      | *
        _________)/\\_//(\/(/\)/\//\/|_)_______

Goodbye Ackbladder the Wizard...

You died in The Dungeons of Doom on dungeon level 8 with 1922 points,
and 373 pieces of gold, after 4121 moves.
You were level 5 with a maximum of 37 hit points when you died.

